 Dungeon Crawl Stone Soup version 0.30-a0-341-g682706514a (webtiles) character file.

Game seed: 13427774845977684255

24894 Elric the Severer (level 12, -2/159 HPs)
             Began as a Minotaur Berserker on Nov 2, 2022.
             Was a High Priest of Trog.
             Slain by an orc knight
             ... wielding a +0 great sword
              (29 damage)
             ... on level 2 of the Orcish Mines.
             The game lasted 00:28:58 (12024 turns).

Elric the Severer (Minotaur Berserker)             Turns: 12024, Time: 00:29:00

Health: -2/159     AC: 20    Str: 28    XL:     12   Next: 84%
Magic:  11/11      EV: 11    Int:  4    God:    Trog [*****.]
Gold:   1488       SH:  8    Dex:  9    Spells: 11/11 levels left

rFire   + . .      SeeInvis .    U - +5 broad axe (flame)
rCold   x . .      Faith    .    h - +2 buckler of Nutuokuoc {rElec Regen+}
rNeg    + + .      Spirit   .    N - +1 crystal plate armour
rPois   .          Reflect  .    (helmet restricted)
rElec   +          Harm     .    C - scarf {shadows}
rCorr   .          Rampage  .    (no gloves)
Will    +++..                    T - -1 pair of boots of Fedhas's Supremacy {Fly rF+ rC- rN++}
Stlth   ..........               D - amulet of the acrobat
HPRegen 2.26/turn                J - +4 ring of evasion
MPRegen 0.12/turn                A - ring of willpower

@: berserking, strong-willed, flying, regenerating, unable to read, unable to
drink, very quick
A: horns 2, retaliatory headbutt, talons 1, inability to drink after injury 1,
inability to read after injury 1, MP-powered wands
a: Renounce Religion, Berserk, Trog's Hand, Brothers in Arms


You were on level 2 of the Orcish Mines.
You worshipped Trog.
Trog was extremely pleased with you.
You visited 2 branches of the dungeon, and saw 14 of its levels.
You also visited: Bailey.

You collected 1754 gold pieces.
You spent 266 gold pieces at shops.

Inventory:

Hand Weapons
 a - a +0 hand axe
 e - a +0 broad axe of flaming
 L - a +0 hand axe
 M - a +2 war axe of venom
 U - a +5 broad axe of flaming (weapon)
 W - the +5 hand axe of Eternal Harmony {vorpal, rF+ Dex+4}
   (Trog gifted it to you on level 2 of the Orcish Mines)

   It inflicts extra damage upon your enemies.
   Dex:       It affects your dexterity (+4).
   rF:        It protects you from fire.
Missiles
 B - 2 throwing nets
 E - 2 silver boomerangs (quivered)
 H - 31 boomerangs
Armour
 b - a +0 animal skin
 h - the +2 buckler of Nutuokuoc (worn) {rElec Regen+}
   (You found it on level 6 of the Dungeon)

   rElec:     It insulates you from electricity.
   Regen:     It increases your rate of health regeneration.
 t - a +0 ring mail of poison resistance
 C - a scarf of shadows (worn)
 I - +1 steam dragon scales
 N - a +1 crystal plate armour (worn)
 T - the -1 pair of boots of Fedhas's Supremacy (worn) {Fly rF+ rC- rN++}
   (You bought it in a shop on level 9 of the Dungeon)

   rF:        It protects you from fire.
   rC:        It makes you vulnerable to cold.
   rN:        It greatly protects you from negative energy.
   Fly:       It grants you flight.
Jewellery
 z - a +6 ring of intelligence
 A - a ring of willpower (right hand)
 D - an amulet of the acrobat (around neck)
 J - a +4 ring of evasion (left hand)
 V - a ring of ice
Wands
 g - a wand of iceblast (17)
 u - a wand of quicksilver (8)
 K - a wand of flame (44)
 S - a wand of digging (8)
Scrolls
 d - 2 scrolls of torment
 f - 5 scrolls of teleportation
 l - 3 scrolls of fear
 n - a scroll of blinking {unknown}
 o - a scroll of enchant weapon {unknown}
 p - 3 scrolls of butterflies
 q - 3 scrolls of vulnerability
 w - 3 scrolls of amnesia
 G - 3 scrolls of immolation
 O - 2 scrolls of noise {unknown}
 Q - 5 scrolls of identify
 R - a scroll of magic mapping
Potions
 c - 4 potions of haste
 i - 5 potions of invisibility
 j - 4 potions of curing
 k - 3 potions of flight
 m - a potion of cancellation
 r - 3 potions of degeneration
 s - a potion of heal wounds
 v - 2 potions of might
 x - 3 potions of resistance
 F - a potion of magic {unknown}
 P - a potion of attraction {unknown}
Miscellaneous
 y - a lightning rod (4/4)


   Skills:
 + Level 9.9 Fighting
 * Level 15.2 Axes
 + Level 8.5 Armour
 + Level 8.0 Dodging
 - Level 7.9 Stealth
 + Level 11.9 Shields


You had 11 spell levels left.
You didn't know any spells.
Your spell library was empty.

Dungeon Overview and Level Annotations

Branches:
Dungeon (12/15)            Temple (0/1) D:5            Lair (0/5) D:10
    Orc (2/2) D:11            Elf (0/3) Orc:2        Bailey (visited)

Altars:
Cheibriados
Elyvilon
Kikubaaqudgha
Makhleb
Ru
Uskayaw
Vehumet
Wu Jian
Xom

Shops:
D:8 :=:[[   D:9 [


Innate Abilities, Weirdness & Mutations

You have a pair of horns on your head.
You reflexively headbutt those who attack you in melee.
You have sharp toenails.
You occasionally lose the ability to drink potions when taking damage.
You occasionally lose the ability to read scrolls when taking damage.
You expend magic power (3 MP) to strengthen your wands.


Message History

The orc knight is healed somewhat.
You slice the orc knight!! You burn the orc knight.
You kill the orc knight!
Trog accepts your kill.
You barely miss the orc knight. You slice the orc!! You burn the orc.
You kill the orc!
Trog accepts your kill.
The orc priest looks braver for a moment.
The orc knight hits you with a +0 great sword!!
You feel threatened and lose the ability to read scrolls!
* * * LOW HITPOINT WARNING * * *
Your Dodging skill increases to level 8!
You slash the orc! You burn the orc.
You kill the orc!
Trog accepts your kill.
You slice the orc priest!! You burn the orc priest!
You kill the orc priest!
Trog accepts your kill.
You hit the orc knight but do no damage.
The orc hits you with a +0 club.
* * * LOW HITPOINT WARNING * * *
You block the orc knight's attack. You block the orc's attack.
The orc priest hits you but does no damage.
The orc priest begins to cast a cantrip, but forgets the words!
Things that are here:
a +0 club; a +0 great sword; a +0 chain mail You barely miss the orc knight.
You headbutt the orc knight!
The orc knight is severely wounded.
You slash the orc priest! You burn the orc priest.
You kill the orc priest!
Trog accepts your kill.
You slice the orc!! You burn the orc.
You kill the orc!
Trog accepts your kill.
You barely miss the orc.
The orc high priest mumbles some strange prayers to Beogh.
You block the orc's attack.
The orc knight hits you with a +0 great sword!!
You feel threatened and lose the ability to drink potions!
You die...

### ####...........#
#.............# ..##
#...#.......... .....##
#.....#........
.......####............
.......####.....†....#
#.#.#o#.#)#............
....ooo))).............
....oo@))).............
.4.o.o)))........#.....
#.#4#o#.#.......#...#..
.......#......#...
.......###.#...#..
.....## .....## ..##
....#


You could see 2 orc knights, an orc high priest (strong), an orange demon
(summoned), a chaos spawn (summoned), 3 orc priests and 3 orcs.

Vanquished Creatures
  Fannar (D:10)
  The ghost of former2023 the Thaumaturge, a journeyman MeEE of Sif Muna (D:11)
  A boulder beetle (D:10)
  3 two-headed ogres
  An orc knight (Orc:2)
  A deep elf pyromancer (D:10)
  2 orc sorcerers
  3 cyclopes
  2 ugly things (D:11)
  A gargoyle (D:10)
  An unseen horror (D:12)
  Psyche (D:8)
  An ice devil (D:10)
  3 trolls
  Prince Ribbit (D:7)
  Grinder (D:3)
  10 slime creatures (D:12)
  Sigmund (D:3)
  A spriggan (shapeshifter) (D:11)
  2 wraiths (D:11)
  A shadow (D:12)
  14 yaks
  A wyvern (D:9)
  A fire elemental (D:10)
  3 vampire mosquitoes (D:8)
  2 steam dragons
  Menkaure (D:5)
  A warg (Orc:1)
  4 water moccasins
  23 orc warriors
  A black bear (D:7)
  A sky beast (D:6)
  2 ice beasts
  8 ogres
  4 centaurs (D:7)
  3 phantoms
  12 kobold brigands
  2 necrophages
  8 bullfrogs
  2 gnoll sergeants
  6 scorpions
  2 water moccasin zombies (D:5)
  23 wights
  6 killer bees (D:10)
  2 howler monkeys
  A human zombie (D:5)
  20 orc priests
  A bullfrog zombie (D:5)
  6 hounds
  2 jellies
  Crazy Yiuf (D:3)
  2 gnoll boudas (D:5)
  3 iron imps (D:8)
  Terence (D:2)
  Ijyb (D:5)
  5 iguanas
  22 orc wizards
  A scorpion zombie (D:5)
  Natasha (thrice) (D:2)
  A hound zombie (D:5)
  3 mummies (D:5)
  7 adders
  18 gnolls
  2 shadow imps (D:7)
  3 white imps
  An ufetubus (D:7)
  An adder zombie (D:5)
  2 dart slugs
  68 orcs
  3 endoplasms
  3 giant cockroaches
  4 goblins
  4 hobgoblins
  A jackal (D:6)
  33 kobolds
  2 quokkas (D:1)
  9 ball pythons
  14 bats
  4 frilled lizards
  4 rats
427 creatures vanquished.

Vanquished Creatures (others)
  10 plants
10 creatures vanquished.

Grand Total: 437 creatures vanquished

Notes
Turn   | Place    | Note
-------+----------+-------------------------------------------
     0 | D:1      | Elric the Minotaur Berserker began the quest for the Orb.
     0 | D:1      | Reached XP level 1. HP: 19/19 MP: 0/0
    40 | D:1      | Found a faded altar of an unknown god.
   208 | D:1      | Reached XP level 2. HP: 27/27 MP: 1/1
   232 | D:1      | Reached skill level 4 in Axes
   623 | D:2      | Reached ** piety under Trog
   741 | D:2      | Noticed Terence
   761 | D:2      | Killed Terence
   762 | D:2      | Reached skill level 5 in Axes
   762 | D:2      | Reached XP level 3. HP: 5/33 MP: 2/2
   871 | D:2      | Identified the +9 spear of the Lumpy Coins {freeze, +Blink
                  | rF++ SInv}
   891 | D:2      | Noticed Natasha
   900 | D:2      | Gained mutation: Your spells are a little easier to cast,
                  | but a little less powerful. [potion of mutation]
   900 | D:2      | Gained mutation: Your flesh is heat resistant. (rF+)
                  | [potion of mutation]
   903 | D:2      | Killed Natasha
   904 | D:2      | Reached XP level 4. HP: 11/40 MP: 3/3
  1119 | D:2      | Noticed Natasha
  1125 | D:2      | Killed Natasha
  1126 | D:2      | Reached skill level 6 in Axes
  1156 | D:2      | Noticed Natasha
  1159 | D:2      | Killed Natasha
  1243 | D:3      | Reached XP level 5. HP: 44/46 MP: 4/4
  1381 | D:3      | Reached skill level 7 in Axes
  1559 | D:3      | Lost mutation: Your spells are a little easier to cast, but
                  | a little less powerful. [potion of mutation]
  1559 | D:3      | Lost mutation: Your flesh is heat resistant. (rF+) [potion
                  | of mutation]
  1559 | D:3      | Gained mutation: You passively dampen the noise of your
                  | surroundings. [potion of mutation]
  1559 | D:3      | Gained mutation: You are partially covered in large bone
                  | plates. (SH +4) [potion of mutation]
  1581 | D:3      | Noticed Grinder
  1588 | D:3      | Killed Grinder
  1589 | D:3      | Reached skill level 8 in Axes
  1589 | D:3      | Reached XP level 6. HP: 52/52 MP: 5/5
  1687 | D:3      | Noticed Sigmund
  1699 | D:3      | Killed Sigmund
  1700 | D:3      | Reached skill level 9 in Axes
  1700 | D:3      | Reached XP level 7. HP: 58/58 MP: 6/6
  1797 | D:3      | Found a runed translucent door.
  1798 | D:3      | Noticed Crazy Yiuf
  2376 | D:3      | Killed Crazy Yiuf
  2534 | D:4      | Reached skill level 10 in Axes
  2580 | D:4      | Found a shimmering altar of Xom.
  3005 | D:4      | Found a hide-covered altar of Uskayaw.
  3014 | D:4      | Found a snail-covered altar of Cheibriados.
  3191 | D:5      | Entered Level 5 of the Dungeon
  3313 | D:5      | Identified a scroll of acquirement
  3313 | D:5      | Acquired a +0 broad axe of flaming
  3316 | D:5      | Noticed Menkaure
  3321 | D:5      | Killed Menkaure
  3322 | D:5      | Reached skill level 5 in Fighting
  3347 | D:5      | Noticed Ijyb
  3350 | D:5      | Killed Ijyb
  3594 | D:5      | Reached XP level 8. HP: 68/68 MP: 7/7
  3716 | D:5      | Reached skill level 5 in Armour
  3764 | D:5      | Reached skill level 5 in Dodging
  3764 | D:5      | Found an ancient bone altar of Kikubaaqudgha.
  3996 | D:5      | Found a staircase to the Ecumenical Temple.
  4043 | D:5      | Reached skill level 11 in Axes
  4154 | D:5      | Found a white marble altar of Elyvilon.
  4319 | D:5      | Reached *** piety under Trog
  4502 | D:6      | Reached XP level 9. HP: 61/76 MP: 8/8
  4601 | D:6      | Reached skill level 12 in Axes
  4802 | D:6      | Identified the +2 buckler of Nutuokuoc {rElec Regen+}
  4932 | D:6      | Reached skill level 1 in Stealth
  5027 | D:6      | Found a sacrificial altar of Ru.
  5560 | D:7      | Noticed Prince Ribbit
  5566 | D:7      | Killed Prince Ribbit
  5628 | D:7      | Reached skill level 5 in Stealth
  5639 | D:7      | Reached **** piety under Trog
  5772 | D:7      | Reached XP level 10. HP: 86/86 MP: 9/9
  6052 | D:7      | Found a radiant altar of Vehumet.
  6085 | D:7      | Reached skill level 1 in Shields
  6222 | D:7      | Found an ornate altar of the Wu Jian Council.
  6553 | D:8      | Identified the +1 robe "Sumedgh" {rF+ SInv}
  6567 | D:8      | Found a flagged portal.
  6588 | Bailey   | Entered a bailey
  6612 | Bailey   | Reached ***** piety under Trog
  6698 | Bailey   | Reached skill level 5 in Shields
  6698 | Bailey   | Found an iron altar of Okawaru.
  6807 | D:8      | Found Kekkeb's Book Boutique.
  7103 | D:8      | Found Dekh's Armour Boutique.
  7169 | D:8      | Noticed a two-headed ogre
  7176 | D:8      | Killed a two-headed ogre
  7383 | D:8      | Received a gift from Trog
  7406 | D:8      | Found Goovem's Book Emporium.
  7450 | D:8      | Found Jeopnege's Jewellery Emporium.
  7460 | D:8      | Noticed Psyche
  7469 | D:8      | Killed Psyche
  7470 | D:8      | Reached XP level 11. HP: 89/92 MP: 10/10
  7483 | D:8      | Lost mutation: You are partially covered in large bone
                  | plates. (SH +4) [potion of mutation]
  7483 | D:8      | Lost mutation: You passively dampen the noise of your
                  | surroundings. [potion of mutation]
  7483 | D:8      | Gained mutation: You occasionally lose the ability to drink
                  | potions when taking damage. [potion of mutation]
  7483 | D:8      | Gained mutation: You expend magic power (3 MP) to
                  | strengthen your wands. [potion of mutation]
  7483 | D:8      | Gained mutation: You occasionally lose the ability to read
                  | scrolls when taking damage. [potion of mutation]
  7483 | D:8      | Gained mutation: You have sharp toenails. [potion of
                  | mutation]
  7578 | D:8      | Noticed a two-headed ogre
  7583 | D:8      | Killed a two-headed ogre
  7584 | D:8      | Reached skill level 10 in Shields
  7791 | D:8      | Found Qizitapri's Antique Armour Boutique.
  7859 | D:8      | Found a burning altar of Makhleb.
  7999 | D:9      | Found Xusumy's Antique Armour Shoppe.
  8012 | D:9      | Bought a pair of shimmering boots for 266 gold pieces
  8012 | D:9      | Identified the -1 pair of boots of Fedhas's Supremacy {Fly
                  | rF+ rC- rN++} (You bought it in a shop on level 9 of the
                  | Dungeon)
  8099 | D:9      | Identified the +8 mace of the Radish {pain, rF+ Int+3}
  8563 | D:10     | Entered Level 10 of the Dungeon
  8599 | D:10     | You are sucked into a shaft and drop 2 floors!
  8882 | D:12     | Reached skill level 13 in Axes
  8892 | D:12     | Identified the +5 sling "Wyablu Yzuah" {vorpal, rCorr Str+3
                  | Stlth+}
  9475 | D:11     | Noticed a white ugly thing
  9485 | D:11     | Killed a white ugly thing
  9601 | D:11     | Found a runed translucent gate.
  9603 | D:11     | Found a runed translucent gate.
  9604 | D:11     | Found a runed translucent gate.
  9673 | D:11     | Found a staircase to the Orcish Mines.
  9696 | D:11     | Received a gift from Trog
  9770 | D:11     | Reached XP level 12. HP: 84/103 MP: 11/11
 10048 | D:11     | Noticed former2023's ghost (journeyman MeEE)
 10056 | D:11     | Reached skill level 14 in Axes
 10070 | D:11     | Killed former2023's ghost
 10122 | D:10     | Noticed a two-headed ogre
 10130 | D:10     | Killed a two-headed ogre
 10188 | D:10     | Noticed Fannar
 10200 | D:10     | Killed Fannar
 10594 | D:10     | Found a staircase to the Lair.
 10745 | D:10     | Noticed a boulder beetle
 10761 | D:10     | Killed a boulder beetle
 11490 | Orc:1    | Entered Level 1 of the Orcish Mines
 11736 | Orc:2    | Entered Level 2 of the Orcish Mines
 11762 | Orc:2    | Reached skill level 15 in Axes
 11766 | Orc:2    | Identified the +5 hand axe of Eternal Harmony {vorpal, rF+
                  | Dex+4} (Trog gifted it to you on level 2 of the Orcish
                  | Mines)
 11766 | Orc:2    | Received a gift from Trog
 11936 | Orc:2    | Found a staircase to the Elven Halls.
 12008 | Orc:2    | Noticed an orc high priest
 12024 | Orc:2    | Slain by an orc knight

Illustrated notes

Levels and vault maps discovered:
D:1:      wander_arrival_chamber, layout_basic, ebering_ecumenical_altar_rust,
          minmay_small_reverse_x
D:2:      layout_rooms, uniq_natasha, uniq_terence
D:3:      layout_loops_corners, uniq_grinder, uniq_sigmund,
          uniq_crazy_yiuf_cottage
D:4:      layout_loops_ring, xom_teletrap_fun, mainiacjoe_overflow_swirl
D:5:      layout_loops_cross, lemuel_mausoleum_altar_kikubaaqudgha,
          mainiacjoe_overflow_alcove_4, minmay_temple_entry_hall,
          nicolae_grassy_gnolls, uniq_menkaure, uniq_ijyb
D:6:      layout_gridville, nicolae_ru_great_annihilating_truth, serial_glass,
          glass_columns_a, glass_columns_b, minmay_misc_feat_columns
D:7:      minmay_the_grid_octo_tiled_squarecenter
          [minmay_the_grid_octo_clover_2, minmay_the_grid_octo_vomiting_pacman,
          minmay_the_grid_octo_horde, minmay_the_grid_octo_fat_diamond,
          minmay_the_grid_square_5x5_megaprize_hollow,
          minmay_the_grid_square_5x5_tri_point,
          minmay_the_grid_square_5x5_sharp_hourglass,
          minmay_the_grid_square_5x5_two_walls_b, minmay_the_grid_square_5x5_n],
          layout_loops_cross, mainiacjoe_overflow_six_doors_small,
          nrook_campfire, uniq_prince_ribbit1
D:8:      minmay_flawed_box, layout_basic, demons_altar, enter_bailey_4,
          serial_shops, nicolae_take_the_stairs, nicolae_diamond_shop, shop,
          nicolae_shop_statue_plus, shop_statue, minmay_liquid_box, uniq_psyche
D:9:      layout_roguey, serial_shops, nicolae_stop_n_shop_1
D:10:     layout_loops_cross, lair_entry_dummy, minmay_misc_feat_cross,
          dilly_guarded_unrand_elemental_staff, uniq_fannar
D:11:     layout_cave_pools, kennysheep_orc_monster_closet_entryway,
          gammafunk_ghost_spectres
D:12:     old_forge, layout_long_grid, minmay_misc_feat_ornament
Orc:1:    layout_diamond_mine, mines_bat_river
Orc:2:    st_orc_pillars, layout_caves, basic_altar

Skill      XL: |  1  2  3  4  5  6  7  8  9 10 11 12 |
---------------+-------------------------------------+-----
Axes           | 5 6 8 9 10 11 12 13 15 | 15.2
Fighting       | 5 6 7 8 9 |  9.9
Armour         | 4 5 6 8 |  8.5
Dodging        | 4 5 6 8 |  8.0
Stealth        | 6 7 |  7.9
Shields        | 9 11 | 11.9

Action                   |  1- 3 |  4- 6 |  7- 9 | 10-12 || total
-------------------------+-------+-------+-------+-------++-------
Melee: Hand axe          |    64 |    48 |    40 |       ||   152
       Headbutt          |     6 |     4 |    45 |   105 ||   160
       Broad axe         |       |       |   226 |   603 ||   829
       Kick              |       |       |       |     5 ||     5
Invok: Berserk           |     2 |     2 |     2 |     6 ||    12
       Trog's Hand       |       |     2 |       |     3 ||     5
       Brothers in Arms  |       |       |       |     1 ||     1
Evoke: Wand              |       |       |     1 |       ||     1
  Use: Potion            |     2 |     1 |       |     1 ||     4
       Scroll            |       |       |    13 |     8 ||    21
 Stab: Sleeping          |       |       |     1 |    10 ||    11
Armor: Animal skin       |     8 |     6 |     5 |       ||    19
       Skin              |     4 |       |       |       ||     4
       Ring mail         |       |       |    59 |     4 ||    63
       Crystal plate arm |       |       |       |   195 ||   195
       Steam dragon scal |       |       |       |     6 ||     6
Dodge: Dodged            |    41 |    20 |   108 |   229 ||   398
Block: Other             |       |       |    19 |       ||    19
       Buckler           |       |       |    27 |   243 ||   270

Table legend: (Time is in decaauts)
 A = Elapsed time spent in this place.
 B = Non-inter-level travel time spent in this place.
 C = Inter-level travel time spent in this place.
 D = Time resting spent in this place.
 E = Time spent auto-exploring this place.
 F = Levels seen in this place.
 G = Mean time per level.
                   A        B        C        D        E       F      G
               +--------+--------+--------+--------+--------+-----+--------+
         Total |  12123 |  11237 |    886 |    734 |   8481 |  15 |  808.2 |
       Dungeon |  11417 |  10546 |    871 |    734 |   8020 |  12 |  951.4 |
  Orcish Mines |    517 |    502 |     15 |      0 |    370 |   2 |  258.5 |
        Bailey |    188 |    188 |      0 |      0 |     90 |   1 |  188.0 |
               +--------+--------+--------+--------+--------+-----+--------+

Top non-repeatable levels by time:
     D:8: 1347 daAuts
     D:5: 1297 daAuts
     D:3: 1207 daAuts
     D:6: 1175 daAuts
     D:7: 1053 daAuts
    D:10: 974 daAuts
    D:12: 826 daAuts
     D:4: 804 daAuts
    D:11: 727 daAuts
     D:2: 722 daAuts
     D:1: 654 daAuts
     D:9: 628 daAuts
   Orc:2: 274 daAuts
   Orc:1: 243 daAuts
  Bailey: 188 daAuts
